 Dungeon Crawl Stone Soup version 0.31.0-32-g396128a36d (webtiles) character file.

Game seed: 10018147038728326004

219 Peloso the Slasher (level 5, 0/46 HPs)
             Began as a Minotaur Fighter on Mar 21, 2024.
             Slain by an orc
             ... wielding a +0 dagger
              (4 damage)
             ... on level 3 of the Dungeon.
             The game lasted 00:03:51 (2059 turns).

Peloso the Slasher (Minotaur Fighter)               Turns: 2059, Time: 00:03:52

Health: 0/46       AC:  7    Str: 20    XL:     5   Next: 64%
Magic:  4/4        EV:  8    Int:  5    God:
Gold:   92         SH: 10    Dex: 12    Spells: 4/4 levels left

rFire   . . .        a - +1 long sword
rCold   . . .        d - +1 kite shield
rNeg    . . .        b - +0 scale mail
rPois   .            (helmet restricted)
rElec   .            (no cloak)
rCorr   .            (no gloves)
SInv    .            (no boots)
Will    .....        (no amulet) Stlth
                     (no ring)
HPRegen 0.27/turn    (no ring)
MPRegen 0.09/turn

%: no passive effects
@: lethally poisoned (0 -> -5)
A: horns 2, retaliatory headbutt
a: no special abilities


You were on level 3 of the Dungeon.
You visited 1 branch of the dungeon, and saw 3 of its levels.

You collected 92 gold pieces.

Inventory:

Hand Weapons
 a - a +1 long sword (weapon)
Armour
 b - a +0 scale mail (worn)
 d - a +1 kite shield (worn)
Jewellery
 j - a +6 ring of dexterity
Talismans
 c - a flux talisman
Wands
 h - a wand of roots (20)
Scrolls
 e - 2 scrolls of identify
 g - a scroll of enchant weapon
 k - a scroll of fear
Potions
 f - a potion of might
 i - a potion of enlightenment


   Skills:
 + Level 4.1 Fighting
 + Level 5.2 Long Blades
 + Level 5.0 Armour
 + Level 1.0 Dodging
 + Level 0.6 Stealth
 + Level 4.2 Shields


You had 4 spell levels left.
You didn't know any spells.
Your spell library was empty.

Dungeon Overview and Level Annotations

Branches:
Dungeon (3/15)

Altars:

Shops:
D:2 (


Innate Abilities, Weirdness & Mutations

You have a pair of horns on your head.
You reflexively headbutt those who attack you in melee.


Message History

You closely miss the orc. You headbutt the orc, but do no damage.
You block the orc's attack.
You hit the orc.
The orc is lightly wounded.
The orc hits you but does no damage.
You are poisoned.
The orc hits you with a +0 whip of venom.
You are more poisoned.
You completely miss the orc. You headbutt the orc, but do no damage.
The orc is lightly wounded.
You feel extremely sick.
The orc hits you with a +0 whip of venom.
You are more poisoned.
You hit the orc. Your headbutt misses the orc.
The orc is heavily wounded.
You feel extremely sick. The orc barely misses you.
You hit the orc.
The orc is heavily wounded.
You feel very sick. You block the orc's attack.
The orc hits you but does no damage.
You are more poisoned.
You barely miss the orc.
The orc is heavily wounded.
You feel very sick.
An orc comes into view. It is wielding a +0 flail.
The orc hits you with a +0 whip of venom.
You slash the orc!
You kill the orc!
* * * LOW HITPOINT WARNING * * *
You feel very sick.
You closely miss the orc.
* * * LOW HITPOINT WARNING * * *
You feel very sick. The orc hits you with a +0 dagger.
* * * LOW HITPOINT WARNING * * *
You barely miss the orc.
* * * LOW HITPOINT WARNING * * *
You feel sick. The orc hits you with a +0 dagger.
You die...

### ..>########
..#.......#
........#.#
.....##.#.########
#....#..#........#
.....#.#########@#
.....#. #o#
.....#. #o#
.###.#. #.#
.....#. ..#
.###### ### .#
##########
.........#


You could see 2 orcs.

Vanquished Creatures
  A howler monkey (D:2)
  Ijyb (D:3)
  Natasha (thrice) (D:2)
  3 adders
  2 ribbon worms
  2 orcs (D:3)
  6 endoplasms
  4 goblins
  5 hobgoblins
  2 jackals (D:3)
  2 quokkas
  3 ball pythons
  7 bats
  A frilled lizard (D:1)
  4 kobolds
  5 rats
51 creatures vanquished.

Notes
Turn   | Place    | Note
-------+----------+-------------------------------------------
     0 | D:1      | Peloso the Minotaur Fighter began the quest for the Orb.
     0 | D:1      | Reached XP level 1. HP: 19/19 MP: 0/0
   492 | D:1      | Reached XP level 2. HP: 27/27 MP: 1/1
   940 | D:2      | Reached XP level 3. HP: 22/33 MP: 2/2
  1127 | D:2      | Found Loseles's Weapon Emporium.
  1170 | D:2      | Noticed Natasha
  1173 | D:2      | Reached XP level 4. HP: 33/40 MP: 3/3
  1177 | D:2      | Killed Natasha
  1400 | D:2      | Noticed Natasha
  1411 | D:2      | Killed Natasha
  1412 | D:2      | Reached XP level 5. HP: 30/46 MP: 4/4
  1416 | D:2      | Noticed Natasha
  1426 | D:2      | Killed Natasha
  1427 | D:2      | Reached skill level 1 in Dodging
  1491 | D:2      | Found a faded altar of an unknown god.
  1548 | D:2      | Identified the -1 pair of boots "Arerch" {Will+}
  1805 | D:3      | Reached skill level 5 in Armour
  1885 | D:3      | Noticed Ijyb
  1897 | D:3      | Killed Ijyb
  1898 | D:3      | Reached skill level 5 in Long Blades
  2059 | D:3      | Slain by an orc

Illustrated notes

Levels and vault maps discovered:
D:1:      dpeg_arrival_shrine, layout_basic, hangedman_glass_teeth,
          nrook_mini_vaults
D:2:      layout_loops_ring, serial_shops, nicolae_shop_pleasant_corner_grove,
          ebering_ecumenical_altar_ruins, uniq_natasha
D:3:      layout_basic, serial_shops, nicolae_shop_behind_doors, uniq_grinder,
          uniq_ijyb

Skill      XL: |  1  2  3  4  5 |
---------------+----------------+-----
Long Blades    | 3 4 5 |  5.2
Armour         | 4 5 |  5.0
Fighting       | 4 |  4.1
Shields        | 4 |  4.2
Dodging        | 1 |  1.0
Stealth        | |  0.6

Action                     |  1- 3 |  4- 6 || total
---------------------------+-------+-------++-------
  Melee: Long sword        |    62 |    93 ||   155
         Headbutt          |     7 |    11 ||    18
  Evoke: Wand              |       |     1 ||     1
    Use: Potion            |     3 |       ||     3
         Scroll            |       |     3 ||     3
 Armour: Scale mail        |    37 |    57 ||    94
  Dodge: Dodged            |    37 |    32 ||    69
  Block: Buckler           |     7 |       ||     7
         Kite shield       |    17 |    63 ||    80
         Form:             |     1 |       ||     1
         Flux              |     1 |       ||     1
